Rampage vs Crunch
Created - January 8, 2022 at 19:56
Goals
|
Rampage |
1 |
0 |
0 |
0 |
2 |
2 |
Crunch |
0 |
0 |
1 |
0 |
1 |
1 |
|
Shots
|
Rampage |
11 |
7 |
11 |
2 |
5 |
31 |
Crunch |
11 |
8 |
7 |
1 |
5 |
27 |
|
1st period
1. Rampage , Roope Hintz 8 (Roland McKeown 4, Timo Meier 11) at 3:17
Penalties :
Kirill Kaprizov (San) for Holding (Minor) at 3:24, Elias Lindholm (San) for Holding (Minor) at 12:46, Teemu Hartikainen (Syr) for Hooking (Minor) at 15:51
2nd period
No Goal
Penalties :
T.J. Tynan (San) for Hooking (Minor) at 1:21, Artturi Lehkonen (San) for Delaying the game (Minor) at 13:31, Sean Walker (Syr) for Tripping (Minor) at 19:35
3rd period
2. Crunch , Jeremy Lauzon 1 (Teemu Hartikainen 8, William Nylander 12) at 1:55 (SH)
Penalties :
Dylan Strome (Syr) for Roughing (Minor) at 1:40, Roope Hintz (San) for High sticking (Minor) at 5:13, Charles-Olivier Roussel (Syr) for Hooking (Minor) at 10:43, Brock Boeser (Syr) for High sticking (Minor) at 14:32
Overtime #1
No Goal
Penalties :
No Penalty
Shootout
Rampage, Jack Roslovic - Stopped by Kaapo Kahkonen
Crunch, William Nylander - Shot Misses the Net
Rampage, Petr Straka - Goal!
Crunch, Teemu Hartikainen - Goal!
Rampage, Elias Lindholm - Stopped by Kaapo Kahkonen
Crunch, Brock Boeser - Shot Misses the Net
Rampage, Roope Hintz - Stopped by Kaapo Kahkonen
Crunch, Nicolas Aube-Kubel - Stopped by Brandon Halverson
Rampage, T.J. Tynan - Goal!
Crunch, Anthony Cirelli - Stopped by Brandon Halverson
Penalties :
No Penalty
Goalie Stats
Brandon Halverson (San), 26 saves from 27 shots - (0.963), W, 2-1-0, 65:00 minutes
Kaapo Kahkonen (Syr), 30 saves from 31 shots - (0.968), OTL, 5-4-3, 65:00 minutes
Players Stats for Rampage
Player Name G A P +/- PIM S H SB GA TA FO MP PP MP PK MP
------------------------------------------------------------------------------------
Adam Clendening 0 0 0 0 0 0 1 1 0 2 0/0 23:41 3:32 5:58
Artturi Lehkonen 0 0 0 0 2 1 0 0 0 0 0/0 10:36 0:09 1:49
Collin Miller 0 0 0 0 0 2 0 2 2 0 0/0 23:53 3:56 3:57
Dylan Gambrell 0 0 0 0 0 0 0 0 0 0 1/3 6:47 0:00 0:05
Dylan Sikura 0 0 0 0 0 0 1 1 1 1 0/0 10:10 0:09 2:23
Elias Lindholm 0 0 0 1 2 2 4 1 0 0 16/29 21:52 4:11 4:05
Ethan Bear 0 0 0 -1 0 2 2 1 0 0 0/0 21:26 5:42 0:00
Jack Roslovic 0 0 0 -1 0 6 5 1 1 0 8/17 21:26 5:35 3:47
Jordan Greenway 0 0 0 0 0 0 1 0 0 0 0/0 10:34 0:00 0:48
Kevan Miller 0 0 0 0 0 0 0 1 0 0 0/0 7:38 0:41 0:00
Kirill Kaprizov 0 0 0 -1 2 1 2 1 0 0 0/2 17:16 5:35 0:00
Martin Frk 0 0 0 0 0 1 2 0 0 0 1/1 11:38 0:09 0:00
Petr Straka 0 0 0 0 0 4 1 0 2 1 0/0 15:24 4:11 0:00
Roland McKeown 0 1 1 1 0 2 0 0 0 0 0/0 25:28 0:17 5:58
Roope Hintz 1 0 1 1 2 3 1 0 1 1 0/2 20:47 4:11 4:08
T.J. Tynan 0 0 0 0 2 1 1 0 0 0 6/11 15:12 0:00 2:45
Timo Meier 0 1 1 0 0 5 1 1 1 0 1/1 18:51 5:35 0:00
Tony DeAngelo 0 0 0 0 0 1 1 1 0 0 0/0 27:21 5:42 3:57
Players Stats for Crunch
Player Name G A P +/- PIM S H SB GA TA FO MP PP MP PK MP
------------------------------------------------------------------------------------
Anatoli Golyshev 0 0 0 0 0 2 1 0 1 0 0/0 9:11 0:00 0:43
Anthony Cirelli 0 0 0 0 0 0 1 0 0 1 15/26 18:42 5:20 1:13
Brendan Guhle 0 0 0 0 0 1 1 1 0 3 0/0 30:25 5:49 6:02
Brock Boeser 0 0 0 0 2 5 5 0 0 0 2/2 21:27 5:05 2:23
Charles-Olivier Roussel 0 0 0 0 2 2 2 1 0 0 0/0 23:14 4:06 3:19
Christoffer Ehn 0 0 0 -1 0 0 0 0 0 0 1/11 13:59 4:35 0:19
Connor Bunnaman 0 0 0 0 0 1 1 0 0 0 3/5 8:15 0:00 0:00
Dalton Smith 0 0 0 0 0 3 1 1 1 0 0/0 12:47 0:00 2:21
Dylan Strome 0 0 0 0 2 0 1 0 0 0 2/5 10:00 0:00 0:00
Jacob Larsson 0 0 0 0 0 0 1 1 0 1 0/0 12:58 0:00 0:32
Jeremy Lauzon 1 0 1 0 0 2 1 2 2 1 0/0 27:21 5:49 5:07
Kevin Fiala 0 0 0 0 0 3 1 0 0 0 0/0 11:08 0:15 0:00
Kyle Capobianco 0 0 0 0 0 0 0 0 0 0 0/0 5:28 0:00 1:18
Max McCormick 0 0 0 0 0 0 2 0 0 0 0/2 2:15 0:15 0:00
Michael Downing 0 0 0 0 0 0 0 1 0 1 0/0 14:09 0:00 2:27
Mitch Callahan 0 0 0 0 0 0 1 0 0 0 0/0 8:15 0:00 0:00
Nicolas Aube-Kubel 0 0 0 -1 0 3 2 0 0 0 0/0 18:37 4:35 2:55
Sean Walker 0 0 0 0 2 1 0 1 0 0 0/0 16:28 4:06 1:05
Teemu Hartikainen 0 1 1 0 2 2 1 0 1 1 1/1 20:17 4:35 4:30
William Nylander 0 1 1 1 0 2 2 0 0 0 9/14 25:04 5:05 5:26
3 Stars
1 - Kaapo Kahkonen (Syr)
2 - Brandon Halverson (San)
3 - Jeremy Lauzon (Syr)
Power Play
Rampage - 0 on 5 Attempt(s) - 0.00%
Crunch - 0 on 5 Attempt(s) - 0.00%
Penalty Kill
Rampage - 5 on 5 Attempt(s) - 100.00%
- Score 0 goal in Penalty Kill
Crunch - 5 on 5 Attempt(s) - 100.00%
- Score 1 goal in Penalty Kill
Team Stat
Rampage - Hits : 23 - Faceoff Wins : 33 - Blocked Shots : 11 - Penalty Minutes : 10
Crunch - Hits : 24 - Faceoff Wins : 33 - Blocked Shots : 8 - Penalty Minutes : 10
Official
Referees : Furman South and Brandon Schrader
Linesman : Tony Sericolo and Ryan Gibbons
Game Notes
Kevan Miller is injured at 16:49 of 2nd period (Bruised Right Foot)
Sean Walker is injured at 8:40 of 3rd period (Broken Left Index Finger)
Finance
Level 1 -- Attendance: 1914 (95.70%) -- Ticket Income $66,990
Level 2 -- Attendance: 937 (93.70%) -- Ticket Income $14,055
Total Attendance: 2851 (95.03%)
Total Ticket Income: $81,045
Other Income: $4,052
Total Income: $85,097
Rampage
5 vs 5 Forward
Center Left Wing Right Wing Time % Phy DF OF
1 Elias Lindholm Roope Hintz Timo Meier 40 1 2 2
2 Jack Roslovic Kirill Kaprizov Petr Straka 30 1 2 2
3 T.J. Tynan Jordan Greenway Martin Frk 20 1 2 2
4 Dylan Gambrell Artturi Lehkonen Dylan Sikura 10 1 2 2
5 vs 5 Defense
Defense Defense Time % Phy DF OF
1 Roland McKeown Tony DeAngelo 40 1 2 2
2 Collin Miller Ethan Bear 30 1 2 2
3 Kevan Miller Adam Clendening 20 1 2 2
4 Roland McKeown Adam Clendening 10 1 2 2
PowerPlay Forward
Center Left Wing Right Wing Time % Phy DF OF
1 Jack Roslovic Kirill Kaprizov Timo Meier 60 1 2 2
2 Elias Lindholm Roope Hintz Petr Straka 40 1 2 2
PowerPlay Defense
Defense Defense Time % Phy DF OF
1 Ethan Bear Tony DeAngelo 60 1 2 2
2 Kevan Miller Collin Miller 40 1 2 2
Penalty Kill 4 Players Forward
Center Wing Time % Phy DF OF
1 Elias Lindholm Roope Hintz 60 1 2 2
2 T.J. Tynan Dylan Sikura 40 1 2 2
Penalty Kill 4 Players Defense
Defense Defense Time % Phy DF OF
1 Adam Clendening Roland McKeown 60 1 2 2
2 Tony DeAngelo Collin Miller 40 1 2 2
Penalty Kill - 3 Players Forward
Forward Time % Phy DF OF
1 T.J. Tynan 60 1 2 2
2 Jack Roslovic 40 1 2 2
Penalty Kill - 3 Players Defense
Defense Defense Time % Phy DF OF
1 Adam Clendening Tony DeAngelo 60 1 2 2
2 Roland McKeown Collin Miller 40 1 2 2
4 vs 4 Forward
Center Wing Time % Phy DF OF
1 Elias Lindholm Timo Meier 60 1 2 2
2 T.J. Tynan Roope Hintz 40 1 2 2
4 vs 4 Defense
Defense Defense Time % Phy DF OF
1 Adam Clendening Tony DeAngelo 60 1 2 2
2 Roland McKeown Collin Miller 40 1 2 2
Last Minutes Offensive
Center Left Wing Right Wing Defense Defense
Elias Lindholm Roope Hintz Timo Meier Ethan Bear Tony DeAngelo
Last Minutes Defensive
Center Left Wing Right Wing Defense Defense
T.J. Tynan Roope Hintz Dylan Sikura Collin Miller Roland McKeown
Goaltenders
Starting : Brandon Halverson
Backup : Elvis Merzlikins
Extra Forwards
Normal : Martin Frk, Roope Hintz, T.J. Tynan - PP : Martin Frk, Roope Hintz - PK : Jack Roslovic
Extra Defensemen
Normal : Kevan Miller, Ethan Bear, Roland McKeown - PP : Kevan Miller - PK : Ethan Bear, Roland McKeown
Penalty Shots
Jack Roslovic, Petr Straka, Elias Lindholm, Roope Hintz, T.J. Tynan
Scratches
Hudson Fasching (Healthy), Jacob De La Rose (Sports Hernia Injury), Nikita Nesterov (Healthy), Scott Wilson (Healthy), Nicholas Caamano (Healthy)
Eamon McAdam (Healthy)
Crunch
5 vs 5 Forward
Center Left Wing Right Wing Time % Phy DF OF
1 Anthony Cirelli William Nylander Brock Boeser 40 1 2 2
2 Christoffer Ehn Teemu Hartikainen Nicolas Aube-Kubel 30 1 2 2
3 Dylan Strome Dalton Smith Kevin Fiala 20 1 2 2
4 Connor Bunnaman Anatoli Golyshev Mitch Callahan 10 1 2 2
5 vs 5 Defense
Defense Defense Time % Phy DF OF
1 Brendan Guhle Jeremy Lauzon 40 1 2 2
2 Charles-Olivier Roussel Sean Walker 30 1 2 2
3 Jacob Larsson Michael Downing 20 1 2 2
4 Kyle Capobianco Brendan Guhle 10 1 2 2
PowerPlay Forward
Center Left Wing Right Wing Time % Phy DF OF
1 Anthony Cirelli William Nylander Brock Boeser 60 1 2 2
2 Christoffer Ehn Teemu Hartikainen Nicolas Aube-Kubel 40 1 2 2
PowerPlay Defense
Defense Defense Time % Phy DF OF
1 Brendan Guhle Jeremy Lauzon 60 1 2 2
2 Charles-Olivier Roussel Sean Walker 40 1 2 2
Penalty Kill 4 Players Forward
Center Wing Time % Phy DF OF
1 William Nylander Teemu Hartikainen 60 1 2 2
2 Brock Boeser Nicolas Aube-Kubel 40 1 2 2
Penalty Kill 4 Players Defense
Defense Defense Time % Phy DF OF
1 Brendan Guhle Jeremy Lauzon 60 1 2 2
2 Charles-Olivier Roussel Sean Walker 40 1 2 2
Penalty Kill - 3 Players Forward
Forward Time % Phy DF OF
1 William Nylander 60 1 2 2
2 Teemu Hartikainen 40 1 2 2
Penalty Kill - 3 Players Defense
Defense Defense Time % Phy DF OF
1 Brendan Guhle Jeremy Lauzon 60 1 2 2
2 Charles-Olivier Roussel Sean Walker 40 1 2 2
4 vs 4 Forward
Center Wing Time % Phy DF OF
1 William Nylander Teemu Hartikainen 60 1 2 2
2 Brock Boeser Nicolas Aube-Kubel 40 1 2 2
4 vs 4 Defense
Defense Defense Time % Phy DF OF
1 Brendan Guhle Jeremy Lauzon 60 1 2 2
2 Charles-Olivier Roussel Sean Walker 40 1 2 2
Last Minutes Offensive
Center Left Wing Right Wing Defense Defense
Anthony Cirelli William Nylander Brock Boeser Brendan Guhle Jeremy Lauzon
Last Minutes Defensive
Center Left Wing Right Wing Defense Defense
Anthony Cirelli William Nylander Brock Boeser Brendan Guhle Jeremy Lauzon
Goaltenders
Starting : Kaapo Kahkonen
Backup : Josef Korenar
Extra Forwards
Normal : Max McCormick, Kevin Fiala, Dalton Smith - PP : Max McCormick, Kevin Fiala - PK : Dalton Smith
Extra Defensemen
Normal : Jacob Larsson, Michael Downing, Kyle Capobianco - PP : Jacob Larsson - PK : Michael Downing, Kyle Capobianco
Penalty Shots
William Nylander, Teemu Hartikainen, Brock Boeser, Nicolas Aube-Kubel, Anthony Cirelli
Scratches
Jordan Oesterle (Broken Right Index Finger Injury)
% Time on Ice - Rampage
Lines # - Real PCT - Wanted PCT - Time Play
Normal Forward
1 - 31% - 40% - 12:25
2 - 29% - 30% - 11:35
3 - 24% - 20% - 9:37
4 - 16% - 10% - 6:33
Normal Defense
1 - 40% - 40% - 16:08
2 - 33% - 30% - 13:26
3 - 23% - 20% - 9:12
4 - 3% - 10% - 1:24
PP Forward
1 - 58% - 60% - 5:44
2 - 42% - 40% - 4:11
PP Defense
1 - 57% - 60% - 5:42
2 - 43% - 40% - 4:13
PK Forward
1 - 73% - 60% - 7:17
2 - 27% - 40% - 2:38
PK Defense
1 - 60% - 60% - 5:58
2 - 40% - 40% - 3:57
PK3 Forward
1 - 0% - 60%
2 - 0% - 40%
PK3 Defense
1 - 0% - 60%
2 - 0% - 40%
44 Forward
1 - 89% - 60% - 4:26
2 - 11% - 40% - 0:34
44 Defense
1 - 59% - 60% - 2:58
2 - 41% - 40% - 2:02
Last Minute Offensive - 0:00
Last Minute Defensive - 0:00
Total
Forward - 65:00
Defense - 65:00
|
% Time on Ice - Crunch
Lines # - Real PCT - Wanted PCT - Time Play
Normal Forward
1 - 32% - 40% - 12:44
2 - 24% - 30% - 9:48
3 - 23% - 20% - 9:23
4 - 21% - 10% - 8:15
Normal Defense
1 - 36% - 40% - 14:24
2 - 34% - 30% - 13:47
3 - 25% - 20% - 9:56
4 - 5% - 10% - 2:03
PP Forward
1 - 54% - 60% - 5:20
2 - 46% - 40% - 4:35
PP Defense
1 - 59% - 60% - 5:49
2 - 41% - 40% - 4:06
PK Forward
1 - 71% - 60% - 7:00
2 - 29% - 40% - 2:55
PK Defense
1 - 55% - 60% - 5:30
2 - 45% - 40% - 4:25
PK3 Forward
1 - 0% - 60%
2 - 0% - 40%
PK3 Defense
1 - 0% - 60%
2 - 0% - 40%
44 Forward
1 - 74% - 60% - 3:41
2 - 26% - 40% - 1:19
44 Defense
1 - 47% - 60% - 2:20
2 - 53% - 40% - 2:40
Last Minute Offensive - 0:00
Last Minute Defensive - 0:00
Total
Forward - 65:00
Defense - 65:00
|
Play-by-Play
1st period
0:01 of 1st period - Anthony Cirelli wins face-off versus Elias Lindholm in neutral zone.
0:26 of 1st period - Roland McKeown is hit by Nicolas Aube-Kubel and loses puck.
0:53 of 1st period - Wrist shot by Kevin Fiala.
0:53 of 1st period - Shot Misses the Net.
1:35 of 1st period - Ethan Bear is hit by Brock Boeser and loses puck.
1:52 of 1st period - Wrist shot by Timo Meier.
1:52 of 1st period - Shot Blocked by Jacob Larsson.
2:08 of 1st period - Wrist shot by Dalton Smith.
2:08 of 1st period - Stopped by Brandon Halverson with a rebound.
2:28 of 1st period - Roland McKeown is hit by Jacob Larsson.
2:31 of 1st period - Off-side.
2:32 of 1st period - William Nylander wins face-off versus Dylan Gambrell in neutral zone.
2:41 of 1st period - Snap shot by Brock Boeser.
2:41 of 1st period - Stopped by Brandon Halverson with a rebound.
2:53 of 1st period - Snap shot by Dylan Sikura.
2:53 of 1st period - Shot Misses the Net.
2:55 of 1st period - Snap shot by Artturi Lehkonen.
2:55 of 1st period - Stopped by Kaapo Kahkonen with a rebound.
2:57 of 1st period - Slapshot by Roland McKeown.
2:57 of 1st period - Deflect By Anthony Cirelli.
2:57 of 1st period - Stopped by Kaapo Kahkonen without a rebound.
2:58 of 1st period - Elias Lindholm wins face-off versus Christoffer Ehn in Crunch zone.
3:03 of 1st period - Wrist shot by Roope Hintz.
3:03 of 1st period - Stopped by Kaapo Kahkonen without a rebound.
3:04 of 1st period - Elias Lindholm wins face-off versus Christoffer Ehn in Crunch zone.
3:09 of 1st period - Snap shot by Timo Meier.
3:09 of 1st period - Stopped by Kaapo Kahkonen without a rebound.
3:10 of 1st period - Elias Lindholm wins face-off versus Christoffer Ehn in Crunch zone.
3:13 of 1st period - Slapshot by Timo Meier.
3:13 of 1st period - Stopped by Kaapo Kahkonen with a rebound.
3:15 of 1st period - Wrist shot by Roland McKeown.
3:15 of 1st period - Shot Misses the Net.
3:17 of 1st period - Wrist shot by Roope Hintz.
3:17 of 1st period - Goal by Roope Hintz - Rampage : 1 - Crunch : 0.
3:18 of 1st period - Jack Roslovic wins face-off versus Anthony Cirelli in neutral zone.
3:24 of 1st period - Minor Penalty to Kirill Kaprizov for Holding.
3:25 of 1st period - Anthony Cirelli wins face-off versus Elias Lindholm in Rampage zone.
4:26 of 1st period - T.J. Tynan is hit by Brock Boeser and loses puck.
5:23 of 1st period - Tony DeAngelo is hit by Max McCormick and loses puck.
5:24 of 1st period - Penalty to Kirill Kaprizov is over, Kirill Kaprizov is back on ice.
6:37 of 1st period - Kyle Capobianco is hit by Kirill Kaprizov and loses puck.
6:48 of 1st period - Elias Lindholm is hit by Brendan Guhle and loses puck.
7:25 of 1st period - Snap shot by Anatoli Golyshev.
7:25 of 1st period - Stopped by Brandon Halverson without a rebound.
7:26 of 1st period - Connor Bunnaman wins face-off versus Jack Roslovic in Rampage zone.
7:49 of 1st period - Wrist shot by Teemu Hartikainen.
7:49 of 1st period - Shot Blocked by Kevan Miller.
7:51 of 1st period - Snap shot by Teemu Hartikainen.
7:51 of 1st period - Shot Misses the Net.
7:55 of 1st period - Snap shot by Teemu Hartikainen.
7:55 of 1st period - Shot Misses the Net.
7:57 of 1st period - Wrist shot by Teemu Hartikainen.
7:57 of 1st period - Stopped by Brandon Halverson without a rebound.
7:58 of 1st period - Anthony Cirelli wins face-off versus Elias Lindholm in Rampage zone.
7:59 of 1st period - Slapshot by William Nylander.
7:59 of 1st period - Deflect By Ethan Bear.
7:59 of 1st period - Shot Blocked by Timo Meier.
7:59 of 1st period - Puck is out of play.
8:00 of 1st period - Elias Lindholm wins face-off versus Anthony Cirelli in Rampage zone.
8:05 of 1st period - Wrist shot by Roope Hintz.
8:05 of 1st period - Deflect By Elias Lindholm.
8:05 of 1st period - Stopped by Kaapo Kahkonen with a rebound.
8:34 of 1st period - Snap shot by Petr Straka.
8:34 of 1st period - Stopped by Kaapo Kahkonen with a rebound.
8:44 of 1st period - Backhand shot by Teemu Hartikainen.
8:44 of 1st period - Deflect By Kevin Fiala.
8:44 of 1st period - Stopped by Brandon Halverson with a rebound.
9:27 of 1st period - Off-side.
9:28 of 1st period - Elias Lindholm wins face-off versus Anthony Cirelli in neutral zone.
9:33 of 1st period - Snap shot by Brock Boeser.
9:33 of 1st period - Shot Misses the Net.
9:43 of 1st period - Snap shot by William Nylander.
9:43 of 1st period - Shot Blocked by Elias Lindholm.
10:22 of 1st period - Slapshot by Kevin Fiala.
10:22 of 1st period - Shot Misses the Net.
10:24 of 1st period - Slapshot by Sean Walker.
10:24 of 1st period - Shot Blocked by Collin Miller.
10:26 of 1st period - Slapshot by Charles-Olivier Roussel.
10:26 of 1st period - Stopped by Brandon Halverson without a rebound.
10:27 of 1st period - Elias Lindholm wins face-off versus Anthony Cirelli in Rampage zone.
10:27 of 1st period - Elias Lindholm is hit by William Nylander.
11:12 of 1st period - Icing by Brendan Guhle.
11:13 of 1st period - T.J. Tynan wins face-off versus Christoffer Ehn in Crunch zone.
11:14 of 1st period - Slapshot by Martin Frk.
11:14 of 1st period - Deflect By Timo Meier.
11:14 of 1st period - Shot Blocked by Brendan Guhle.
11:14 of 1st period - Puck is out of play.
11:15 of 1st period - Anthony Cirelli wins face-off versus Elias Lindholm in Crunch zone.
11:15 of 1st period - Anthony Cirelli is hit by Elias Lindholm.
11:45 of 1st period - Slapshot by Dalton Smith.
11:45 of 1st period - Deflect By Kevin Fiala.
11:45 of 1st period - Shot Misses the Net.
11:45 of 1st period - Puck is out of play.
11:46 of 1st period - Jack Roslovic wins face-off versus Dylan Strome in Rampage zone.
12:16 of 1st period - Off-side.
12:17 of 1st period - Anthony Cirelli wins face-off versus T.J. Tynan in neutral zone.
12:29 of 1st period - Snap shot by William Nylander.
12:29 of 1st period - Stopped by Brandon Halverson without a rebound.
12:30 of 1st period - Brock Boeser wins face-off versus Elias Lindholm in Rampage zone.
12:46 of 1st period - Minor Penalty to Elias Lindholm for Holding.
12:47 of 1st period - Anthony Cirelli wins face-off versus Jack Roslovic in Rampage zone.
13:03 of 1st period - Snap shot by Brock Boeser.
13:03 of 1st period - Stopped by Brandon Halverson without a rebound.
13:04 of 1st period - Jack Roslovic wins face-off versus Christoffer Ehn in Rampage zone.
13:19 of 1st period - Wrist shot by Teemu Hartikainen.
13:19 of 1st period - Shot Misses the Net.
14:46 of 1st period - Penalty to Elias Lindholm is over, Elias Lindholm is back on ice.
14:47 of 1st period - Icing by Roland McKeown.
14:48 of 1st period - T.J. Tynan wins face-off versus Anthony Cirelli in Rampage zone.
15:37 of 1st period - Wrist shot by Brendan Guhle.
15:37 of 1st period - Stopped by Brandon Halverson without a rebound.
15:38 of 1st period - Jack Roslovic wins face-off versus Christoffer Ehn in Rampage zone.
15:38 of 1st period - Jack Roslovic is hit by Teemu Hartikainen.
15:46 of 1st period - Snap shot by Jack Roslovic.
15:46 of 1st period - Stopped by Kaapo Kahkonen without a rebound.
15:47 of 1st period - Jack Roslovic wins face-off versus Christoffer Ehn in Crunch zone.
15:51 of 1st period - Minor Penalty to Teemu Hartikainen for Hooking.
15:52 of 1st period - William Nylander wins face-off versus Jack Roslovic in Crunch zone.
16:08 of 1st period - Snap shot by Timo Meier.
16:08 of 1st period - Shot Misses the Net.
17:34 of 1st period - Icing by Petr Straka.
17:35 of 1st period - Elias Lindholm wins face-off versus Christoffer Ehn in Rampage zone.
17:51 of 1st period - Penalty to Teemu Hartikainen is over, Teemu Hartikainen is back on ice.
18:18 of 1st period - Sean Walker is hit by Dylan Sikura and loses puck.
18:47 of 1st period - Snap shot by T.J. Tynan.
18:47 of 1st period - Shot Misses the Net.
18:49 of 1st period - Slapshot by Roland McKeown.
18:49 of 1st period - Deflect By Brock Boeser.
18:49 of 1st period - Stopped by Kaapo Kahkonen with a rebound.
18:51 of 1st period - Snap shot by Martin Frk.
18:51 of 1st period - Stopped by Kaapo Kahkonen with a rebound.
19:19 of 1st period - Slapshot by Teemu Hartikainen.
19:19 of 1st period - Shot Misses the Net.
19:21 of 1st period - Snap shot by Teemu Hartikainen.
19:21 of 1st period - Stopped by Brandon Halverson with a rebound.
19:23 of 1st period - Slapshot by Sean Walker.
19:23 of 1st period - Stopped by Brandon Halverson with a rebound.
Goals for this period are 1 for Rampage vs 0 for Crunch.
Shots for this period are 11 for Rampage vs 11 for Crunch.
2nd period
0:01 of 2nd period - Anthony Cirelli wins face-off versus Elias Lindholm in neutral zone.
0:35 of 2nd period - Snap shot by Jack Roslovic.
0:35 of 2nd period - Stopped by Kaapo Kahkonen without a rebound.
0:36 of 2nd period - Teemu Hartikainen wins face-off versus Elias Lindholm in Crunch zone.
1:15 of 2nd period - Backhand shot by Brock Boeser.
1:15 of 2nd period - Stopped by Brandon Halverson with a rebound.
1:21 of 2nd period - Minor Penalty to T.J. Tynan for Hooking.
1:22 of 2nd period - William Nylander wins face-off versus Elias Lindholm in Rampage zone.
1:25 of 2nd period - Slapshot by Brock Boeser.
1:25 of 2nd period - Stopped by Brandon Halverson without a rebound.
1:26 of 2nd period - Anthony Cirelli wins face-off versus Elias Lindholm in Rampage zone.
1:51 of 2nd period - Snap shot by Brendan Guhle.
1:51 of 2nd period - Shot Misses the Net.
2:49 of 2nd period - Dylan Sikura is hit by Brock Boeser and loses puck.
3:02 of 2nd period - Brendan Guhle is hit by Jack Roslovic and loses puck.
3:21 of 2nd period - Penalty to T.J. Tynan is over, T.J. Tynan is back on ice.
3:27 of 2nd period - Snap shot by Anatoli Golyshev.
3:27 of 2nd period - Stopped by Brandon Halverson with a rebound.
3:29 of 2nd period - Slapshot by Connor Bunnaman.
3:29 of 2nd period - Stopped by Brandon Halverson without a rebound.
3:30 of 2nd period - Connor Bunnaman wins face-off versus T.J. Tynan in Rampage zone.
3:49 of 2nd period - Jordan Greenway is hit by Anatoli Golyshev and loses puck.
4:32 of 2nd period - Snap shot by Anatoli Golyshev.
4:32 of 2nd period - Shot Blocked by Ethan Bear.
5:05 of 2nd period - Snap shot by Martin Frk.
5:05 of 2nd period - Shot Blocked by Michael Downing.
5:07 of 2nd period - Slapshot by Collin Miller.
5:07 of 2nd period - Stopped by Kaapo Kahkonen without a rebound.
5:08 of 2nd period - Elias Lindholm wins face-off versus Anthony Cirelli in Crunch zone.
5:08 of 2nd period - Tony DeAngelo is hit by Jeremy Lauzon and loses puck.
5:13 of 2nd period - Snap shot by Elias Lindholm.
5:13 of 2nd period - Stopped by Kaapo Kahkonen without a rebound.
5:14 of 2nd period - Anthony Cirelli wins face-off versus Roope Hintz in Crunch zone.
8:05 of 2nd period - Connor Bunnaman is hit by Jordan Greenway and loses puck.
8:18 of 2nd period - Dylan Sikura is hit by Charles-Olivier Roussel and loses puck.
8:40 of 2nd period - Dalton Smith is hit by Jack Roslovic and loses puck.
9:10 of 2nd period - Slapshot by Charles-Olivier Roussel.
9:10 of 2nd period - Shot Blocked by Dylan Sikura.
9:29 of 2nd period - Roland McKeown is hit by Kevin Fiala and loses puck.
9:40 of 2nd period - Roland McKeown is hit by Anthony Cirelli and loses puck.
9:55 of 2nd period - Wrist shot by Roland McKeown.
9:55 of 2nd period - Shot Misses the Net.
9:57 of 2nd period - Wrist shot by Roope Hintz.
9:57 of 2nd period - Stopped by Kaapo Kahkonen with a rebound.
9:59 of 2nd period - Snap shot by Tony DeAngelo.
9:59 of 2nd period - Stopped by Kaapo Kahkonen without a rebound.
10:00 of 2nd period - Elias Lindholm wins face-off versus Christoffer Ehn in Crunch zone.
10:01 of 2nd period - Snap shot by Roope Hintz.
10:01 of 2nd period - Shot Misses the Net.
10:03 of 2nd period - Wrist shot by Elias Lindholm.
10:03 of 2nd period - Deflect By Teemu Hartikainen.
10:03 of 2nd period - Shot Misses the Net.
10:03 of 2nd period - Puck is out of play.
10:04 of 2nd period - Christoffer Ehn wins face-off versus Elias Lindholm in Crunch zone.
10:11 of 2nd period - Snap shot by Nicolas Aube-Kubel.
10:11 of 2nd period - Stopped by Brandon Halverson with a rebound.
10:50 of 2nd period - Off-side.
10:51 of 2nd period - T.J. Tynan wins face-off versus Connor Bunnaman in neutral zone.
12:47 of 2nd period - William Nylander is hit by Elias Lindholm and loses puck.
13:24 of 2nd period - Wrist shot by Kevin Fiala.
13:24 of 2nd period - Stopped by Brandon Halverson without a rebound.
13:25 of 2nd period - Dylan Strome wins face-off versus Dylan Gambrell in Rampage zone.
13:31 of 2nd period - Minor Penalty to Artturi Lehkonen for Delaying the game.
13:32 of 2nd period - Anthony Cirelli wins face-off versus Elias Lindholm in Rampage zone.
14:06 of 2nd period - Adam Clendening is hit by Nicolas Aube-Kubel.
15:31 of 2nd period - Penalty to Artturi Lehkonen is over, Artturi Lehkonen is back on ice.
15:55 of 2nd period - Collin Miller is hit by Charles-Olivier Roussel.
16:03 of 2nd period - Slapshot by Dalton Smith.
16:03 of 2nd period - Stopped by Brandon Halverson with a rebound.
16:05 of 2nd period - Wrist shot by Dylan Strome.
16:05 of 2nd period - Shot Misses the Net.
16:15 of 2nd period - Mitch Callahan is hit by T.J. Tynan and loses puck.
16:48 of 2nd period - Kevan Miller is hit by Brock Boeser and loses puck.
16:49 of 2nd period - Kevan Miller from Rampage is injured at 16:49 of 2nd period (Bruised Right Foot).
16:50 of 2nd period - Anthony Cirelli wins face-off versus Elias Lindholm in Rampage zone.
17:05 of 2nd period - Wrist shot by William Nylander.
17:05 of 2nd period - Shot Blocked by Tony DeAngelo.
18:08 of 2nd period - Brendan Guhle is hit by Elias Lindholm and loses puck.
18:21 of 2nd period - Slapshot by Artturi Lehkonen.
18:21 of 2nd period - Shot Misses the Net.
18:27 of 2nd period - Snap shot by Dylan Sikura.
18:27 of 2nd period - Shot Misses the Net.
18:29 of 2nd period - Snap shot by Dylan Gambrell.
18:29 of 2nd period - Shot Blocked by Jeremy Lauzon.
18:45 of 2nd period - Snap shot by Kevin Fiala.
18:45 of 2nd period - Shot Blocked by Adam Clendening.
18:47 of 2nd period - Slapshot by Jeremy Lauzon.
18:47 of 2nd period - Shot Blocked by Jack Roslovic.
18:49 of 2nd period - Slapshot by Jeremy Lauzon.
18:49 of 2nd period - Stopped by Brandon Halverson without a rebound.
18:50 of 2nd period - Anthony Cirelli wins face-off versus Roope Hintz in Rampage zone.
19:35 of 2nd period - Minor Penalty to Sean Walker for Tripping.
19:36 of 2nd period - William Nylander wins face-off versus Jack Roslovic in Crunch zone.
19:44 of 2nd period - Slapshot by Kirill Kaprizov.
19:44 of 2nd period - Shot Misses the Net.
19:46 of 2nd period - Wrist shot by Jack Roslovic.
19:46 of 2nd period - Stopped by Kaapo Kahkonen with a rebound.
19:48 of 2nd period - Snap shot by Timo Meier.
19:48 of 2nd period - Shot Blocked by Charles-Olivier Roussel.
19:50 of 2nd period - Slapshot by Kirill Kaprizov.
19:50 of 2nd period - Stopped by Kaapo Kahkonen with a rebound.
Goals for this period are 0 for Rampage vs 0 for Crunch.
Shots for this period are 7 for Rampage vs 8 for Crunch.
3rd period
0:01 of 3rd period - William Nylander wins face-off versus Jack Roslovic in neutral zone.
0:13 of 3rd period - Teemu Hartikainen is hit by Kirill Kaprizov and loses puck.
0:32 of 3rd period - Snap shot by Petr Straka.
0:32 of 3rd period - Stopped by Kaapo Kahkonen without a rebound.
0:33 of 3rd period - Brock Boeser wins face-off versus Jack Roslovic in Crunch zone.
0:42 of 3rd period - Teemu Hartikainen is hit by Jack Roslovic and loses puck.
1:34 of 3rd period - Icing by Adam Clendening.
1:35 of 3rd period - Penalty to Sean Walker is over, Sean Walker is back on ice.
1:35 of 3rd period - Elias Lindholm wins face-off versus Dylan Strome in Rampage zone.
1:35 of 3rd period - Elias Lindholm is hit by Dylan Strome.
1:40 of 3rd period - Minor Penalty to Dylan Strome for Roughing.
1:41 of 3rd period - William Nylander wins face-off versus Kirill Kaprizov in Crunch zone.
1:55 of 3rd period - Slapshot by Jeremy Lauzon.
1:55 of 3rd period - Goal by Jeremy Lauzon - Rampage : 1 - Crunch : 1.
1:56 of 3rd period - Jack Roslovic wins face-off versus William Nylander in neutral zone.
1:59 of 3rd period - Slapshot by Ethan Bear.
1:59 of 3rd period - Stopped by Kaapo Kahkonen without a rebound.
2:00 of 3rd period - William Nylander wins face-off versus Jack Roslovic in Crunch zone.
3:02 of 3rd period - Snap shot by Nicolas Aube-Kubel.
3:02 of 3rd period - Stopped by Brandon Halverson without a rebound.
3:03 of 3rd period - Elias Lindholm wins face-off versus William Nylander in Rampage zone.
3:25 of 3rd period - Brendan Guhle is hit by Tony DeAngelo and loses puck.
3:40 of 3rd period - Penalty to Dylan Strome is over, Dylan Strome is back on ice.
4:11 of 3rd period - Slapshot by Timo Meier.
4:11 of 3rd period - Stopped by Kaapo Kahkonen with a rebound.
4:13 of 3rd period - Snap shot by Jack Roslovic.
4:13 of 3rd period - Stopped by Kaapo Kahkonen with a rebound.
4:15 of 3rd period - Snap shot by Jack Roslovic.
4:15 of 3rd period - Stopped by Kaapo Kahkonen with a rebound.
4:17 of 3rd period - Snap shot by Jack Roslovic.
4:17 of 3rd period - Stopped by Kaapo Kahkonen without a rebound.
4:18 of 3rd period - Connor Bunnaman wins face-off versus T.J. Tynan in Crunch zone.
4:25 of 3rd period - Michael Downing is hit by Adam Clendening and loses puck.
4:43 of 3rd period - Dylan Gambrell is hit by Dalton Smith and loses puck.
4:55 of 3rd period - Icing by Brendan Guhle.
4:56 of 3rd period - Anthony Cirelli wins face-off versus T.J. Tynan in Crunch zone.
4:56 of 3rd period - Anthony Cirelli is hit by Ethan Bear.
5:10 of 3rd period - Snap shot by William Nylander.
5:10 of 3rd period - Stopped by Brandon Halverson without a rebound.
5:11 of 3rd period - Elias Lindholm wins face-off versus Dylan Strome in Rampage zone.
5:13 of 3rd period - Minor Penalty to Roope Hintz for High sticking.
5:14 of 3rd period - Elias Lindholm wins face-off versus Anthony Cirelli in Rampage zone.
7:13 of 3rd period - Penalty to Roope Hintz is over, Roope Hintz is back on ice.
7:24 of 3rd period - Off-side.
7:25 of 3rd period - Jack Roslovic wins face-off versus Connor Bunnaman in neutral zone.
7:36 of 3rd period - Mitch Callahan is hit by Petr Straka and loses puck.
7:49 of 3rd period - Backhand shot by Kevin Fiala.
7:49 of 3rd period - Shot Misses the Net.
8:20 of 3rd period - Teemu Hartikainen is hit by Martin Frk and loses puck.
8:33 of 3rd period - Nicolas Aube-Kubel is hit by Jack Roslovic and loses puck.
8:40 of 3rd period - Snap shot by Petr Straka.
8:40 of 3rd period - Shot Blocked by Sean Walker.
8:40 of 3rd period - Sean Walker from Crunch is injured at 8:40 of 3rd period (Broken Left Index Finger).
8:41 of 3rd period - Elias Lindholm wins face-off versus Anthony Cirelli in Crunch zone.
9:12 of 3rd period - Wrist shot by Kevin Fiala.
9:12 of 3rd period - Shot Misses the Net.
9:23 of 3rd period - Icing by Jacob Larsson.
9:24 of 3rd period - Dylan Strome wins face-off versus Kirill Kaprizov in Crunch zone.
9:26 of 3rd period - Kevin Fiala is hit by Ethan Bear and loses puck.
9:39 of 3rd period - Snap shot by Kevin Fiala.
9:39 of 3rd period - Stopped by Brandon Halverson with a rebound.
9:41 of 3rd period - Wrist shot by Dalton Smith.
9:41 of 3rd period - Shot Misses the Net.
9:43 of 3rd period - Slapshot by Dalton Smith.
9:43 of 3rd period - Shot Misses the Net.
9:45 of 3rd period - Slapshot by Charles-Olivier Roussel.
9:45 of 3rd period - Shot Blocked by Kirill Kaprizov.
9:47 of 3rd period - Wrist shot by Dalton Smith.
9:47 of 3rd period - Stopped by Brandon Halverson without a rebound.
9:48 of 3rd period - T.J. Tynan wins face-off versus Anthony Cirelli in Rampage zone.
9:48 of 3rd period - T.J. Tynan is hit by Brock Boeser.
9:56 of 3rd period - William Nylander is hit by Martin Frk and loses puck.
10:13 of 3rd period - Jeremy Lauzon is hit by Elias Lindholm and loses puck.
10:42 of 3rd period - Slapshot by Charles-Olivier Roussel.
10:42 of 3rd period - Stopped by Brandon Halverson without a rebound.
10:43 of 3rd period - Anthony Cirelli wins face-off versus Jack Roslovic in Rampage zone.
10:43 of 3rd period - Minor Penalty to Charles-Olivier Roussel for Hooking.
10:44 of 3rd period - William Nylander wins face-off versus Jack Roslovic in Crunch zone.
10:44 of 3rd period - William Nylander is hit by Jack Roslovic.
11:10 of 3rd period - Jeremy Lauzon is hit by Roope Hintz and loses puck.
11:15 of 3rd period - Snap shot by Petr Straka.
11:15 of 3rd period - Shot Misses the Net.
11:17 of 3rd period - Snap shot by Adam Clendening.
11:17 of 3rd period - Shot Misses the Net.
11:19 of 3rd period - Slapshot by Collin Miller.
11:19 of 3rd period - Shot Blocked by Jeremy Lauzon.
12:43 of 3rd period - Penalty to Charles-Olivier Roussel is over, Charles-Olivier Roussel is back on ice.
12:51 of 3rd period - Adam Clendening is hit by Connor Bunnaman and loses puck.
13:00 of 3rd period - Adam Clendening is hit by Mitch Callahan and loses puck.
13:16 of 3rd period - Wrist shot by Martin Frk.
13:16 of 3rd period - Shot Misses the Net.
13:18 of 3rd period - Slapshot by Collin Miller.
13:18 of 3rd period - Stopped by Kaapo Kahkonen without a rebound.
13:19 of 3rd period - Dylan Gambrell wins face-off versus Anthony Cirelli in Crunch zone.
13:58 of 3rd period - Wrist shot by Jack Roslovic.
13:58 of 3rd period - Shot Misses the Net.
14:32 of 3rd period - Minor Penalty to Brock Boeser for High sticking.
14:33 of 3rd period - Timo Meier wins face-off versus William Nylander in Crunch zone.
14:44 of 3rd period - Snap shot by Jack Roslovic.
14:44 of 3rd period - Shot Misses the Net.
14:46 of 3rd period - Slapshot by Jack Roslovic.
14:46 of 3rd period - Shot Misses the Net.
15:08 of 3rd period - Slapshot by Adam Clendening.
15:08 of 3rd period - Shot Blocked by Dalton Smith.
16:32 of 3rd period - Penalty to Brock Boeser is over, Brock Boeser is back on ice.
17:33 of 3rd period - Icing by Artturi Lehkonen.
17:34 of 3rd period - T.J. Tynan wins face-off versus Christoffer Ehn in Rampage zone.
17:44 of 3rd period - Icing by Michael Downing.
17:45 of 3rd period - T.J. Tynan wins face-off versus Anthony Cirelli in Crunch zone.
17:48 of 3rd period - Slapshot by Martin Frk.
17:48 of 3rd period - Shot Misses the Net.
17:52 of 3rd period - Snap shot by T.J. Tynan.
17:52 of 3rd period - Stopped by Kaapo Kahkonen with a rebound.
18:12 of 3rd period - Michael Downing is hit by Timo Meier and loses puck.
18:35 of 3rd period - Wrist shot by Nicolas Aube-Kubel.
18:35 of 3rd period - Stopped by Brandon Halverson with a rebound.
18:44 of 3rd period - Slapshot by Ethan Bear.
18:44 of 3rd period - Stopped by Kaapo Kahkonen without a rebound.
18:45 of 3rd period - Anthony Cirelli wins face-off versus T.J. Tynan in Crunch zone.
18:50 of 3rd period - T.J. Tynan is hit by William Nylander and loses puck.
18:59 of 3rd period - Slapshot by Jeremy Lauzon.
18:59 of 3rd period - Shot Misses the Net.
19:41 of 3rd period - Slapshot by Petr Straka.
19:41 of 3rd period - Stopped by Kaapo Kahkonen with a rebound.
19:43 of 3rd period - Wrist shot by Petr Straka.
19:43 of 3rd period - Stopped by Kaapo Kahkonen with a rebound.
19:50 of 3rd period - Icing by William Nylander.
19:51 of 3rd period - Jack Roslovic wins face-off versus Max McCormick in Crunch zone.
19:52 of 3rd period - Snap shot by Petr Straka.
19:52 of 3rd period - Shot Misses the Net.
Goals for this period are 0 for Rampage vs 1 for Crunch.
Shots for this period are 11 for Rampage vs 7 for Crunch.
Overtime #1
0:01 of 1st overtime period - Elias Lindholm wins face-off versus William Nylander in neutral zone.
0:08 of 1st overtime period - Snap shot by Timo Meier.
0:08 of 1st overtime period - Stopped by Kaapo Kahkonen without a rebound.
0:09 of 1st overtime period - Elias Lindholm wins face-off versus William Nylander in Crunch zone.
0:10 of 1st overtime period - Wrist shot by Timo Meier.
0:10 of 1st overtime period - Stopped by Kaapo Kahkonen without a rebound.
0:11 of 1st overtime period - William Nylander wins face-off versus Elias Lindholm in Crunch zone.
0:18 of 1st overtime period - Wrist shot by Timo Meier.
0:18 of 1st overtime period - Shot Misses the Net.
0:53 of 1st overtime period - Snap shot by Jacob Larsson.
0:53 of 1st overtime period - Shot Blocked by Collin Miller.
2:55 of 1st overtime period - Icing by Ethan Bear.
2:56 of 1st overtime period - Martin Frk wins face-off versus Max McCormick in Rampage zone.
3:35 of 1st overtime period - Slapshot by Nicolas Aube-Kubel.
3:35 of 1st overtime period - Deflect By Brock Boeser.
3:35 of 1st overtime period - Deflect By T.J. Tynan.
3:35 of 1st overtime period - Stopped by Brandon Halverson with a rebound.
3:37 of 1st overtime period - Slapshot by Jacob Larsson.
3:37 of 1st overtime period - Shot Misses the Net.
3:39 of 1st overtime period - Wrist shot by Jacob Larsson.
3:39 of 1st overtime period - Shot Misses the Net.
4:07 of 1st overtime period - Tony DeAngelo is hit by Max McCormick and loses puck.
Goals for this period are 0 for Rampage vs 0 for Crunch.
Shots for this period are 2 for Rampage vs 1 for Crunch.
ShootOut
5:00 of 1st overtime period - Round #1.
5:00 of 1st overtime period - Rampage, Jack Roslovic.
5:00 of 1st overtime period - Snap shot by Jack Roslovic.
5:00 of 1st overtime period - Stopped by Kaapo Kahkonen.
5:00 of 1st overtime period - Crunch, William Nylander.
5:00 of 1st overtime period - Snap shot by William Nylander.
5:00 of 1st overtime period - Shot Misses the Net.
5:00 of 1st overtime period - Round #2.
5:00 of 1st overtime period - Rampage, Petr Straka.
5:00 of 1st overtime period - Deke by Petr Straka.
5:00 of 1st overtime period - Goal by Petr Straka.
5:00 of 1st overtime period - Crunch, Teemu Hartikainen.
5:00 of 1st overtime period - Backhand shot by Teemu Hartikainen.
5:00 of 1st overtime period - Goal by Teemu Hartikainen.
5:00 of 1st overtime period - Round #3.
5:00 of 1st overtime period - Rampage, Elias Lindholm.
5:00 of 1st overtime period - Wrist shot by Elias Lindholm.
5:00 of 1st overtime period - Stopped by Kaapo Kahkonen.
5:00 of 1st overtime period - Crunch, Brock Boeser.
5:00 of 1st overtime period - Backhand shot by Brock Boeser.
5:00 of 1st overtime period - Shot Misses the Net.
5:00 of 1st overtime period - Round #4.
5:00 of 1st overtime period - Rampage, Roope Hintz.
5:00 of 1st overtime period - Snap shot by Roope Hintz.
5:00 of 1st overtime period - Stopped by Kaapo Kahkonen.
5:00 of 1st overtime period - Crunch, Nicolas Aube-Kubel.
5:00 of 1st overtime period - Backhand shot by Nicolas Aube-Kubel.
5:00 of 1st overtime period - Stopped by Brandon Halverson.
5:00 of 1st overtime period - Round #5.
5:00 of 1st overtime period - Rampage, T.J. Tynan.
5:00 of 1st overtime period - Wrist shot by T.J. Tynan.
5:00 of 1st overtime period - Goal by T.J. Tynan.
5:00 of 1st overtime period - Crunch, Anthony Cirelli.
5:00 of 1st overtime period - Wrist shot by Anthony Cirelli.
5:00 of 1st overtime period - Stopped by Brandon Halverson.